 Dungeon Crawl Stone Soup version 0.20-a0-507-gc86f373 (webtiles) character file.

2504 junb69 the Ruffian (level 9, -1/88 HPs)
             Began as a Troll Monk on Jan 20, 2017.
             Was a Believer of Ashenzari.
             Slain by kuniqs's ghost (20 damage)
             ... on level 6 of the Dungeon on Jan 21, 2017.
             The game lasted 00:14:53 (5653 turns).

junb69 the Ruffian (Troll Monk)                     Turns: 5653, Time: 00:14:54

Health: -1/88      AC:  5    Str: 26    XL:     9   Next: 28%
Magic:  11/11      EV: 13    Int:  6    God:    Ashenzari [**....]
Gold:   335        SH:  0    Dex: 15    Spells: 8/8 levels left

rFire    . . .     SeeInvis .     - Unarmed
rCold    . . .     Gourm    +   m - +0 animal skin
rNeg     . . .     Faith    .   (no shield)
rPois    .         Spirit   .   (helmet restricted)
rElec    .         Reflect  .   (no cloak)
rCorr    .         Harm     .   (gloves unavailable)
MR       .....                  (boots unavailable)
Stlth    ++........             (no amulet)
Regen    0.7/turn               (no ring)
                                (no ring)

@: mighty
A: unfitting armour, claws 3, fast metabolism 3, gourmand, regeneration 1,
shaggy fur 1, tough skin 2
a: Curse Item, Scrying, Renounce Religion


You were on level 6 of the Dungeon.
You worshipped Ashenzari.
Ashenzari was pleased with you.
You were completely stuffed.

You visited 2 branches of the dungeon, and saw 7 of its levels.

You collected 335 gold pieces.

Inventory:

Armour
 m - a +0 animal skin (worn)
Wands
 j - a wand of digging (9/24)
 s - a wand of acid (6/15)
 t - a wand of polymorph (0/24)
Scrolls
 c - 4 scrolls of teleportation {unknown}
 d - 2 scrolls of enchant armour {unknown}
 e - a scroll of noise {unknown}
 h - 4 scrolls of identify {unknown}
 k - 2 scrolls of enchant weapon {unknown}
 l - 2 scrolls of remove curse
 o - 2 scrolls of fear {unknown}
 q - 3 scrolls of fog {unknown}
 u - a scroll of blinking {unknown}
 v - a scroll of random uselessness {unknown}
Potions
 p - a potion of heal wounds {unknown}
 r - a potion of degeneration {unknown}
Comestibles
 a - 2 meat rations
 b - 7 bread rations
 f - a royal jelly
 g - 3 chunks of flesh
 n - a fruit


   Skills:
 - Level 5.2 Fighting
 * Level 6.0 Dodging
 - Level 1.0 Stealth
 * Level 7.7 Unarmed Combat
 - Level 4.2 Evocations


You had 8 spell levels left.
You didn't know any spells.

Dungeon Overview and Level Annotations

Branches:
Dungeon (6/15)             Temple (1/1) D:4

Altars:
Ashenzari
Cheibriados
Elyvilon
Fedhas
Gozag
Hepliaklqana
Kikubaaqudgha
Makhleb
Okawaru
Qazlal
Ru
Sif Muna
Trog
Uskayaw
Vehumet
Xom
Yredelemnul
The Shining One

Shops:
D:6 !

Annotations:
D:6 kuniqs's ghost, novice BaFi


Innate Abilities, Weirdness & Mutations

You are too large for most types of armour.
You have claws for hands.
Your metabolism is lightning-fast.
You like to eat raw meat.
Your natural rate of healing is unusually fast.
You are covered in fur. (AC +1)
You have very tough skin. (AC +2)


Message History

You barely miss kuniqs's ghost.
Kuniqs's ghost is heavily damaged.
Kuniqs's ghost misses you.
You completely miss kuniqs's ghost.
Kuniqs's ghost is heavily damaged.
Kuniqs's ghost hits you but does no damage.
You barely miss kuniqs's ghost.
Kuniqs's ghost is heavily damaged.
Kuniqs's ghost whispers, "There is no future for you."
Kuniqs's ghost barely misses you.
You mangle kuniqs's ghost!!
Kuniqs's ghost is severely damaged.
Kuniqs's ghost hits you!
* * * LOW HITPOINT WARNING * * *
You miss kuniqs's ghost.
Kuniqs's ghost is severely damaged.
You miss kuniqs's ghost.
Kuniqs's ghost is severely damaged.
Kuniqs's ghost hits you!!
You die...

#### #.#.# #.# ###........# #
#.#.# #)# ##.######## # #.#.# #.#
#.....# # ## ##.#.###[# #..##.#
## .## #......[.# ####..##.# ##.
..## #.##.#.### #.....##.###..
...## ##.##.#.# #.##.###.##...
....####.....#.#####........#....
....+...........@W..........+....
....####.......#####.#...#.##....
(..## #..###### ##.##.##.###...
..## #.## #.#..###.# ##.. .## #.#
##.#.# #.# ##. ## #.# #.#.# #.#
## # #.# #.#.###.# # # #.#
#..(....# # ########.#
###.##########


You could see kuniqs's ghost.

Vanquished Creatures
  5 humans
  Menkaure (D:5)
  A hell hound (D:5)
  2 ice beasts
  3 phantoms
  2 centaurs (D:6)
  2 ogres
  Blork the orc (D:4)
  A bullfrog (D:6)
  A scorpion (D:6)
  A howler monkey (D:5)
  A crimson imp (D:5)
  A jelly (D:5)
  A bullfrog skeleton (D:4)
  2 hounds
  An orc priest (D:5)
  2 orc wizards
  An iguana (D:5)
  Ijyb (D:2)
  Natasha (thrice) (D:2)
  2 hound zombies
  Robin (D:2)
  3 adders
  7 gnolls
  An ooze (D:3)
  An adder zombie (D:6)
  2 adder skeletons (D:5)
  4 worms
  3 dart slugs (D:1)
  18 orcs
  A ball python (D:3)
  6 bats
  A giant cockroach (D:4)
  4 hobgoblins
  4 jackals
  6 frilled lizards
  13 goblins
  6 kobolds
  A quokka zombie (D:5)
  4 rats
  A spectral orc (D:2)
122 creatures vanquished.

Vanquished Creatures (others)
  A worker ant (D:4)
  An adder (D:4)
  A worm (D:4)
3 creatures vanquished.

Grand Total: 125 creatures vanquished

Notes
Turn   | Place    | Note
-------+----------+-------------------------------------------
     0 | D:1      | junb69 the Troll Monk began the quest for the Orb.
     0 | D:1      | Reached XP level 1. HP: 22/22 MP: 0/0
     0 | D:1      | Upgraded the game from 0.20-a0-502-g555d78b to 0.20-a0-507-gc86f373
   152 | D:1      | Reached XP level 2. HP: 28/29 MP: 1/1
   771 | D:2      | Noticed Ijyb
   781 | D:2      | Killed Ijyb
   781 | D:2      | Reached XP level 3. HP: 36/36 MP: 2/2
   791 | D:2      | Noticed Natasha
   812 | D:2      | HP: 1/36 [Natasha/magic dart (7)]
   813 | D:2      | Killed Natasha
   813 | D:2      | Reached XP level 4. HP: 2/44 MP: 3/3
   815 | D:2      | Reached skill level 4 in Unarmed Combat
   816 | D:2      | Noticed Natasha
   829 | D:2      | Killed Natasha
  1133 | D:2      | Noticed Natasha
  1144 | D:2      | Killed Natasha
  1258 | D:2      | Found a basalt altar of Yredelemnul.
  1281 | D:2      | Noticed Robin
  1284 | D:2      | Reached XP level 5. HP: 50/50 MP: 4/4
  1312 | D:2      | Killed Robin
  1893 | D:3      | Noticed a phantom
  1931 | D:3      | Killed a phantom
  1931 | D:3      | Reached skill level 5 in Unarmed Combat
  1931 | D:3      | Reached XP level 6. HP: 37/59 MP: 5/5
  2463 | D:4      | Noticed Blork the orc
  2487 | D:4      | Killed Blork the orc
  2703 | D:4      | Found a shimmering altar of Xom.
  2766 | D:4      | Found a staircase to the Ecumenical Temple.
  2813 | Temple   | Entered the Ecumenical Temple
  2900 | Temple   | Became a worshipper of Ashenzari the Shackled
  2900 | Temple   | Reached * piety under Ashenzari
  2900 | Temple   | Reached ** piety under Ashenzari
  2971 | D:4      | Reached XP level 7. HP: 66/66 MP: 6/6
  2974 | D:4      | Reached skill level 5 in Dodging
  3260 | D:5      | Entered Level 5 of the Dungeon
  3307 | D:5      | Reached skill level 6 in Unarmed Combat
  3408 | D:5      | Reached skill level 1 in Evocations
  3661 | D:5      | Noticed Menkaure
  3716 | D:6      | Found Vaufidan's Distillery.
  4022 | D:6      | Noticed a human
  4023 | D:6      | Noticed a human
  4056 | D:6      | Killed a human
  4056 | D:6      | Reached XP level 8. HP: 44/75 MP: 8/8
  4461 | D:5      | Killed Menkaure
  4480 | D:5      | Noticed Grinder
  4484 | D:5      | Noticed Grinder
  4484 | D:5      | Grinder changed into Grinder the hell hound
  4496 | D:5      | Killed Grinder the hell hound
  4505 | D:5      | HP: 3/79 [orc priest/nerve-wracking pain (9)]
  4506 | D:5      | Reached skill level 5 in Fighting
  4517 | D:5      | HP: 4/80 [gnoll/spear (8)]
  5198 | D:6      | Reached XP level 9. HP: 71/88 MP: 11/11
  5226 | D:6      | Reached skill level 7 in Unarmed Combat
  5298 | D:6      | Noticed kuniqs's ghost (novice BaFi)
  5653 | D:6      | Slain by kuniqs's ghost

Vault maps used:
D:1:      co_arrival_square_in_a_square_in_a_square
D:2:      yredelemnul_forgotten_temple_becter, uniq_robin, uniq_natasha,
          uniq_iyjb
D:4:      xom_confusion_cloud, first_bread, uniq_blork_the_orc
D:5:      uniq_grinder, uniq_menkaure
D:6:      kennysheep_kobold_camp, serial_shops, shop, minmay_ruffians
Temple:   regret_index_temple_mists

Skill      XL: |  1  2  3  4  5  6  7  8  9 |
---------------+----------------------------+-----
Dodging        | 3 4 5 6 |  6.0
Unarmed Combat | 4 5 6 7 |  7.7
Evocations     | 2 4 |  4.2
Fighting       | 3 5 |  5.2
Stealth        | |  1.0

Action                   |  1- 3 |  4- 6 |  7- 9 || total
-------------------------+-------+-------+-------++-------
Melee: Unarmed           |    62 |   165 |   255 ||   482
       Punch             |       |     5 |     5 ||    10
Evoke: Wand              |       |       |     3 ||     3
  Use: Potion            |     1 |     2 |     4 ||     7
 Stab: Sleeping          |       |       |     2 ||     2
  Eat: Chunk             |    12 |    20 |    26 ||    58
Armor: Robe              |    25 |    14 |       ||    39
       Animal skin       |       |    36 |    35 ||    71
Dodge: Dodged            |    32 |   106 |    98 ||   236
